 Dungeon Crawl Stone Soup version 0.30-a0-1116-gebefce21f7 (webtiles) character file.

Game seed: 8906470597755369618

30 kae the Chopper (level 3, -8/31 HPs)
             Began as a Hill Orc Fighter on Apr 21, 2023.
             Mangled by Sigmund
             ... wielding a +0 scythe
              (9 damage)
             ... on level 2 of the Dungeon.
             The game lasted 00:01:10 (1153 turns).

kae the Chopper (Hill Orc Fighter)                  Turns: 1153, Time: 00:01:11

Health: -8/31      AC:  6    Str: 20    XL:     3   Next: 18%
Magic:  3/3        EV:  9    Int:  8    God:
Gold:   872        SH:  4    Dex: 10    Spells: 2/2 levels left

rFire   . . .      SeeInvis .    a - +0 war axe
rCold   . . .      Faith    .    c - +0 buckler
rNeg    . . .      Spirit   .    b - +0 scale mail
rPois   .          Reflect  .    (no helmet)
rElec   .          Rampage  .    (no cloak)
rCorr   .                        (no gloves)
Will    .....                    (no boots) Stlth
                                 (no amulet)
HPRegen 0.25/turn                (no ring)
MPRegen 0.08/turn                (no ring)

@: no status effects
A: no striking features
a: no special abilities


You were on level 2 of the Dungeon.
You visited 1 branch of the dungeon, and saw 2 of its levels.

You collected 872 gold pieces.


   Skills:
 - Level 3.6 Fighting
 + Level 4.7 Axes
 - Level 3.2 Armour
 - Level 3.2 Shields


You had 2 spell levels left.
You didn't know any spells.
Your spell library contained the following spells:

 Spells                   Type           Power      Damage    Failure   Level
 Hailstorm                Conj/Ice       0%         3d3       99%         3
 Ice Form                 Ice/Tmut       0%         N/A       100%        4
 Simulacrum               Ice/Necr       0%         N/A       100%        6

Inventory:

Hand Weapons
 a - a +0 war axe (weapon)
Missiles
 j - 8 stones (quivered)
Armour
 b - a +0 scale mail (worn)
 c - a +0 buckler (worn)
Scrolls
 l - 2 scrolls of teleportation {@r4}
Potions
 d - a potion of might
 f - 2 potions of brilliance {unknown}
 g - a potion of haste {@q3}
 k - a potion of heal wounds {unknown}
 m - a potion of flight {unknown}
 n - a potion of degeneration {unknown}

Dungeon Overview and Level Annotations

Branches:
Dungeon (2/15) Zot: 10813

Altars:

Annotations:
D:2 Sigmund

#################
....$...†.......)
#####..#########
#.)..# #..@.# ##
######8.{8###~~~
.....$8..8~~~~≈≈
#####.~.(~~≈≈≈≈≈
#~~~~..≈≈≈≈≈~~
~~~~≈≈≈..≈≈h~~~#
~≈≈≈≈≈≈..~~~....
≈≈≈≈~~~..~######
≈~~~~.8..8.


You could see a jackal.


Message History

The jackal bites you but does no damage.
The jackal attacks as you move away! You block the jackal's attack.
You hit the jackal but do no damage. You block the jackal's attack.
The jackal completely misses you.
You slash the jackal!
You kill the jackal!
The jackal bites you but does no damage.
You closely miss the jackal. The jackal closely misses you.
The jackal barely misses you.
You closely miss the jackal. The jackal bites you.
The jackal bites you but does no damage. 😕 HP[-1]
You take 1 damage, and now have 30/31 hp.
You barely miss the jackal. You block the jackal's attack.
You hit the jackal but do no damage. The jackal closely misses you.
The jackal bites you but does no damage.
You barely miss the jackal.
The jackal bites you but does no damage.
The jackal closely misses you.
You slash the jackal!
You kill the jackal! 😎 HP[+1]
Your hp is fully restored (31).
No target in view!
No target in view!
Okay, then.
Okay, then.
Things that are here:
a jackal corpse; a jackal corpse You start waiting.
A kobold comes into view. It is wielding a +0 whip.
You start waiting.
You feel your willpower return.
The kobold shouts!
You hear a bark!
The kobold throws a stone.
The stone barely misses you.
Things that are here:
a jackal corpse; a jackal corpse You start waiting.
A kobold is nearby!
Things that are here:
a jackal corpse; a jackal corpse The jackal barks!
The kobold hits you with a +0 whip.
Sigmund says, "Now you see me, now you don't..."
You hit the kobold.
You kill the kobold! 😕 HP[-5]
You take 5 damage, and now have 26/31 hp.
Sigmund closely misses you. 😕 HP[+1]
You barely miss Sigmund. Sigmund hits you but does no damage.
You closely miss Sigmund.
Sigmund hits you with a +0 scythe! 😮 HP[-7]
You take 7 damage, and now have 20/31 hp.
MASSIVE DAMAGE!! (PAUSE)
You hit Sigmund. 😮 HP[+1] Unknown command.
You slash Sigmund!
Sigmund hits you with a +0 scythe. 😮 HP[-2]
You take 2 damage, and now have 19/31 hp.
You hit Sigmund.
Sigmund casts a spell.
Sigmund flickers and vanishes!
Something hits you!
* * * LOW HITPOINT WARNING * * *
😨 HP[-10]
You take 10 damage, and now have 9/31 hp.
MASSIVE DAMAGE!! (PAUSE)
You closely miss something. 😨 HP[+1]
You hit something but do no damage. Something hits you but does no damage.
Unknown command.
You barely miss something.
You hear some strange, mumbled words.
A puff of flame appears from out of thin air!
The puff of flame hits you.
* * * LOW HITPOINT WARNING * * *
Something hits you.
* * * LOW HITPOINT WARNING * * *
😱 HP[-7]
You take 7 damage, and now have 3/31 hp.
MASSIVE DAMAGE!! (PAUSE)
You miss something. 😱 HP[+1]
You barely miss something. Something hits you but does no damage.
You barely miss something. Something hits you.
* * * LOW HITPOINT WARNING * * *
😱 HP[-2]
You take 2 damage, and now have 2/31 hp.
You miss something.
Something hits you but does no damage. 😱 HP[+1] Unknown command.
Okay, then.
You miss something. Something hits you.
* * * LOW HITPOINT WARNING * * *
😱 HP[-2]
You take 2 damage, and now have 1/31 hp.
Unknown command.
You barely miss something. Something hits you!
You die...

Skill      XL: |  1  2 |
---------------+-------+-----
Axes           | 3 4 |  4.7
Fighting       | |  3.6
Armour         | |  3.2
Shields        | |  3.2

Action                     || total
---------------------------++-------
  Melee: War axe           ||    72
    Use: Scroll            ||     5
 Armour: Scale mail        ||    40
  Dodge: Dodged            ||    36
  Block: Buckler           ||    13

Levels and vault maps discovered:
D:1:      kilobyte_arrival_exit_the_forest, layout_basic
D:2:      wander_river, layout_rooms, uniq_sigmund

Notes
Turn   | Place    | Note
-------+----------+-------------------------------------------
     0 | D:1      | kae the Hill Orc Fighter began the quest for the Orb.
     0 | D:1      | Reached XP level 1. HP: 19/19 MP: 1/1
     0 | D:1      | magus.rc [v1.11.3]
    98 | D:1      | Reached skill level 3 in Axes
   105 | D:1      | You pick up a book of the Tundra and begin reading...
   105 | D:1      | You add the spells Hailstorm, Ice Form and Simulacrum to
                  | your library.
   171 | D:1      | Reached XP level 2. HP: 26/26 MP: 2/2
   510 | D:1      | Reached skill level 4 in Axes
  1088 | D:2      | Reached XP level 3. HP: 30/31 MP: 3/3
  1091 | D:2      | Identified a scroll of acquirement
  1091 | D:2      | Acquired 781 gold pieces
  1101 | D:2      | Noticed Sigmund
  1147 | D:2      | HP: 3/31 [something (5)]
  1152 | D:2      | HP: 1/31 [something (2)]
  1153 | D:2      | Mangled by Sigmund

Vanquished Creatures
  A dart slug (D:2)
  3 ball pythons (D:1)
  4 endoplasms (D:1)
  A giant cockroach (D:1)
  3 hobgoblins (D:1)
  2 jackals (D:2)
  2 quokkas (D:1)
  3 bats
  2 goblins (D:1)
  3 kobolds
24 creatures vanquished.

Table legend:
 A = Non-vault XP
 B = Vault XP
 C = Vault XP percentage of total XP
 D = Non-vault monster count
 E = Vault monster count
 F = Vault count percentage of total count
                 A         B        C        D         E       F
            +---------+---------+-------+---------+---------+-------
      Total |      43 |       0 |   0.0 |      24 |       0 |   0.0
            +---------+---------+-------+---------+---------+-------
        D:1 |      31 |       0 |   0.0 |      19 |       0 |   0.0
        D:2 |      12 |       0 |   0.0 |       5 |       0 |   0.0
            +---------+---------+-------+---------+---------+-------

Illustrated notes

Table legend:
 A = Kills in this place as a percentage of kills in the entire game.
 B = Kills by you in this place as a percentage of kills by you in the entire game.
 C = Kills by friends in this place as a percentage of kills by friends in the entire game.
 D = Other kills in this place as a percentage of other kills in the entire game.
 E = Experience gained in this place as a percentage of experience gained in the entire game.
 F = Experience gained in this place divided by the number of levels of this place that you have seen.
                   A       B       C       D       E      F
               +-------+-------+-------+-------+-------+----------------------
         Total | 100.0 | 100.0 |   N/A |   N/A | 100.0 |  21.5
       Dungeon | 100.0 | 100.0 |   N/A |   N/A | 100.0 |  21.5
               +-------+-------+-------+-------+-------+----------------------

Table legend: (Time is in decaauts)
 A = Elapsed time spent in this place.
 B = Non-inter-level travel time spent in this place.
 C = Inter-level travel time spent in this place.
 D = Time resting spent in this place.
 E = Time spent auto-exploring this place.
 F = Levels seen in this place.
 G = Mean time per level.
                   A        B        C        D        E       F      G
               +--------+--------+--------+--------+--------+-----+--------+
         Total |   1185 |   1161 |     24 |     14 |    944 |   2 |  592.5 |
       Dungeon |   1185 |   1161 |     24 |     14 |    944 |   2 |  592.5 |
               +--------+--------+--------+--------+--------+-----+--------+

Top non-repeatable levels by time:
     D:1: 1102 daAuts
     D:2: 82 daAuts
